 Dungeon Crawl Stone Soup version 0.19-a0-1183-gcd7e582 (webtiles) character file.

560 Kugarra the Vexing (level 7, -1/32 HPs)
             Began as a Spriggan Enchanter on Aug 18, 2016.
             Killed from afar by an orc wizard (8 damage)
             ... with a puff of frost
             ... on level 4 of the Dungeon.
             The game lasted 00:23:18 (3820 turns).

Kugarra the Vexing (Spriggan Enchanter)             Turns: 3820, Time: 00:23:19

Health: -1/32      AC:  3    Str:  4    XL:     7   Next: 9%
Magic:  4/12       EV: 18    Int: 19    God:
Gold:   258        SH:  0    Dex: 16    Spells: 3 memorised, 5 levels left

rFire  . . .     SeeInvis +     a - +2 dagger
rCold  . . .     Gourm    .     b - +1 robe
rNeg   . . .     Faith    .     (shield restricted)
rPois  .         Spirit   .     (helmet restricted)
rElec  .         Dismiss  .     (no cloak)
rCorr  .         Reflect  .     (gloves unavailable)
MR     +....     Harm     .     (boots unavailable)
Stlth  +++.......               (no amulet)
                                (no ring)
                                (no ring)

@: very quick
A: unfitting armour, see invisible, herbivore 3, speed 3, slow metabolism 2
a: no special abilities


You were on level 4 of the Dungeon.
You were not hungry.

You visited 1 branch of the dungeon, and saw 4 of its levels.

You collected 258 gold pieces.

Inventory:

Hand Weapons
 a - a +2 dagger (weapon)
 l - a +2 antimagic short sword
Armour
 b - a +1 robe (worn)
 p - a +0 buckler
Wands
 o - a wand of acid (8/15)
Scrolls
 e - 3 scrolls of blinking
 f - a scroll of remove curse
 g - 2 scrolls of teleportation
 h - 2 scrolls of random uselessness
 k - a scroll of identify
Potions
 i - a potion of invisibility
 j - a potion of flight
 m - a potion of degeneration
 n - a potion of resistance
 q - a potion of beneficial mutation {unknown}
 r - a potion of brilliance {unknown}
Books
 c - a book of Maledictions

   Spells                             Type                      Level
   a - Corona                         Hexes                        1
   b - Ensorcelled Hibernation        Hexes/Ice                    2
   c - Confuse                        Hexes                        3
   d - Tukima's Dance                 Hexes                        3
   e - Dazzling Spray                 Conjuration/Hexes            3
Comestibles
 d - 4 bread rations


   Skills:
 - Level 5.7 Short Blades
 - Level 3.0 Dodging
 - Level 4.4 Stealth
 - Level 2.6 Spellcasting
 + Level 7.4 Hexes


You had 5 spell levels left.
You knew the following spells:

 Your Spells              Type           Power        Failure   Level  Hunger
a - Corona                Hex            ####...      1%          1    None
b - Ensorcelled Hibernat  Hex/Ice        ###...       8%          2    ##.....
c - Confuse               Hex            ####....     1%          3    ###....


Dungeon Overview and Level Annotations

Branches:
Dungeon (4/15)
 Temple: D:4-7

Altars:
Makhleb
Qazlal
Sif Muna

Portals:
Sewer: D:4


Innate Abilities, Weirdness & Mutations

You are tiny and cannot use many weapons and most armour.
You have supernaturally acute eyesight. (SInv)
You are a herbivore.
You cover ground extremely quickly.
You need consume almost no food.


Message History

The orc wizard points at you and mumbles some strange words.
The puff of frost hits you!
You hit the orc but do no damage. You hit the orc.
The orc is moderately wounded.
The orc hits you.
* * * LOW HITPOINT WARNING * * *
You closely miss the orc.
The orc is moderately wounded.
The orc completely misses you.
You hit the orc.
The orc is heavily wounded.
You hit the orc.
The orc is almost dead.
The orc misses you.
You hit the orc.
You kill the orc!
The orc wizard points at you and mumbles some strange words.
The puff of frost hits you!
You die...

###.....#.######.#.#.<.#.#
#.#####.#.S..o#.#.#.#.#.
#. ..#o####.#.#.#.#.# #
###.# #.#.#.#.#.#. #.#
##.#o#.#.#.# #########.#
#[#.#S#.#.#. ........#.#
##.#.#o#.#.# ........#S#
#.#.#.#.#.#. .......@o.#
##.#.#.#.#.#
.......[#####.#o#.#.#.#.
....[......###.#.#.#.#.#
....$...##...o#.#.#.#o#o
........##....o#.#.#.#.#
######.........o#.#.#.#.
#...###+##..#.#.#.#
#...#≈ssS#....#.#.#
###o#≈w≈≈#.####.#.#


You could see an orc wizard and an adder.

Vanquished Creatures
  An ogre (D:4)
  The ghost of Fusha the Digger, an amateur HEEE (D:3)
  A water moccasin skeleton (D:4)
  An orc priest (D:3)
  A centaur skeleton (D:4)
  An orc wizard (D:3)
  Terence (D:2)
  Jessica (D:2)
  Ijyb (D:2)
  13 adders
  3 worms
  A dart slug (D:2)
  2 giant geckos
  6 orcs
  5 giant cockroaches
  4 hobgoblins
  8 jackals
  2 kobolds (D:3)
  A quokka (D:1)
  A ball python (D:2)
  5 bats
  A giant newt (D:2)
  6 goblins
  7 rats
74 creatures vanquished.

Notes
Turn   | Place    | Note
-------+----------+-------------------------------------------
     0 | D:1      | Kugarra the Spriggan Enchanter began the quest for the Orb.
     0 | D:1      | Reached XP level 1. HP: 9/9 MP: 5/5
   530 | D:1      | Reached XP level 2. HP: 10/13 MP: 6/6
   540 | D:1      | Learned a level 2 spell: Ensorcelled Hibernation
   946 | D:2      | Noticed Terence
   951 | D:2      | Killed Terence
   951 | D:2      | Reached XP level 3. HP: 16/16 MP: 2/8
  1255 | D:2      | Learned a level 3 spell: Confuse
  1281 | D:2      | Reached XP level 4. HP: 21/21 MP: 6/9
  1457 | D:2      | Noticed Jessica
  1464 | D:2      | Killed Jessica
  1464 | D:2      | Reached skill level 5 in Short Blades
  1683 | D:2      | Reached XP level 5. HP: 24/24 MP: 5/10
  1843 | D:2      | Noticed Ijyb
  1853 | D:2      | Killed Ijyb
  1956 | D:2      | Found a deep blue altar of Sif Muna.
  2246 | D:3      | Reached skill level 4 in Hexes
  2267 | D:3      | Noticed Fusha's ghost (amateur HEEE)
  2274 | D:3      | Found a stormy altar of Qazlal.
  2840 | D:3      | Killed Fusha's ghost
  2840 | D:3      | Reached skill level 5 in Hexes
  2840 | D:3      | Reached XP level 6. HP: 22/28 MP: 4/11
  2930 | D:3      | Found a burning altar of Makhleb.
  3300 | D:3      | Reached skill level 6 in Hexes
  3744 | D:4      | Found a glowing drain.
  3761 | D:4      | Reached skill level 7 in Hexes
  3761 | D:4      | Reached XP level 7. HP: 12/32 MP: 7/12
  3820 | D:4      | Killed from afar by an orc wizard

Vault maps used:
D:1:      dpeg_arrival_orchard, minmay_split_cup_small
D:2:      lemuel_blue_sif_altar, uniq_terence, uniq_jessica, uniq_iyjb
D:3:      lemuel_doored_altar, bloody_makhleb, minmay_statues_item
D:4:      first_bread, portal_sewer_entry_c

Skill      XL: |  1  2  3  4  5  6 |
---------------+-------------------+-----
Short Blades   | 2 3 4 5 |  5.7
Hexes          | 5 7 |  7.4
Dodging        | |  3.0
Stealth        | |  4.4
Spellcasting   | |  2.6

Action                   |  1- 3 |  4- 6 |  7- 9 || total
-------------------------+-------+-------+-------++-------
Melee: Dagger            |    85 |   190 |     9 ||   284
 Cast: Ensorcelled Hiber |    10 |    35 |     4 ||    49
       Confuse           |       |     4 |       ||     4
  Use: Scroll            |     3 |     8 |       ||    11
 Stab: Sleeping          |     9 |    24 |     2 ||    35
       Distracted        |     1 |       |       ||     1
       Confused          |       |     3 |       ||     3
  Eat: Fruit             |       |     2 |       ||     2
       Bread ration      |       |     1 |       ||     1
Armor: Robe              |    16 |    18 |       ||    34
Dodge: Dodged            |    61 |   108 |     2 ||   171
